Description

HeroMarine use mind game to win with Protoss :)

Replay - HeroMarine v Zoun: Game 3 - [ESL] Curious Minds

Build Order

Get SALT Encoding   

  12  0:00  SCV  
  13  0:12  SCV  
  14  0:17  Supply Depot  
  14  0:24  SCV  
  15  0:39  Barracks, SCV  
  16  0:43  Refinery  
  16  0:51  SCV  
  17  1:03  SCV  
  18  1:15  SCV  
  19  1:27  Orbital Command, Marine  
  20  1:43  Command Center  
  20  1:46  Barracks Reactor  
  20  1:53  SCV  
  21  1:58  Supply Depot  
  21  2:05  SCV  
  22  2:09  Factory  
  22  2:17  SCV  
  22  2:19  Refinery  
  22  2:22  Marine x2  
  26  2:40  Marine x2  
  29  2:54  Starport  
  29  2:55  Factory Tech Lab  
  29  2:58  Orbital Command  
  30  3:02  Marine x2  
  33  3:15  Siege Tank  
  33  3:17  Orbital Command  
  36  3:22  Supply Depot, Marine  
  38  3:31  Medivac  
  38  3:33  Marine  
  41  3:40  Marine  
  44  3:50  Siege Tank  
  44  3:52  Supply Depot  
  48  4:01  Supply Depot  
  49  4:05  Viking  
  57  4:29  Siege Tank  
  64  4:42  Viking  
  72  5:06  Barracks  
  73  5:07  Siege Tank  
  86  5:42  Siege Tank  
  86  5:46  Refinery  
  86  5:51  Command Center  
  86  5:54  Barracks Tech Lab  
  86  5:57  Barracks  
Spawning Tool Build Advisor. Get it on Overwolf

Go to:

Details

  • Created by: Wetkin
  • Published on: Aug 05, 2022
  • Modified on: Aug 05, 2022
  • Patch: 4.11.0
  • Difficulty: Medium
Show
View Real Time Build Order
Export as new Build Order

Comments (0)

There are no comments. Be the first!

Create an account to comment!